 Dungeon Crawl Stone Soup version 0.24.0-1-gfbc8707 (webtiles) character file.

Game seed: 12542324101868996888, levelgen mode: deterministic

116 stealthycow the Sneak (level 4, -4/21 HPs)
             Began as a Spriggan Enchanter on Oct 27, 2019.
             Slain by Crazy Yiuf
             ... wielding a +3 quarterstaff of chaos
              (7 damage)
             ... on level 3 of the Dungeon.
             The game lasted 00:09:13 (4878 turns).

stealthycow the Sneak (Spriggan Enchanter)          Turns: 4878, Time: 00:09:14

Health: -4/21      AC:  2    Str:  4    XL:     4   Next: 69%
Magic:  5/9        EV: 17    Int: 16    God:
Gold:   146        SH:  0    Dex: 17    Spells: 3/9 levels left

rFire    . . .     SeeInvis +   a - +1 dagger
rCold    . . .     Gourm    .   (shield restricted)
rNeg     . . .     Faith    .   b - +0 robe
rPois    .         Spirit   .   (helmet restricted)
rElec    .         Reflect  .   k - scarf {repulsion}
rCorr    .         Harm     .   (gloves unavailable)
MR       .....                  (boots unavailable)
Stlth    +++.......             (no amulet)
HPRegen  0.07/turn              (no ring)
MPRegen  0.11/turn              (no ring)

@: very slightly contaminated, heavily drained, repel missiles, very quick
A: very small, unfitting armour, see invisible, herbivore, speed 3, slow
metabolism 2
a: no special abilities


You were on level 3 of the Dungeon.
You were hungry.

You visited 1 branch of the dungeon, and saw 3 of its levels.

You collected 146 gold pieces.

Inventory:

Hand Weapons
 a - a +1 dagger (weapon)
Armour
 b - a +0 robe (worn)
 k - a scarf of repulsion (worn)
Jewellery
 o - an uncursed ring of flight {unknown}
Wands
 i - a wand of digging (4)
Scrolls
 c - 6 scrolls of remove curse {unknown}
 e - 8 scrolls of identify {unknown}
 j - a scroll of magic mapping {unknown}
 m - 2 scrolls of fog {unknown}
 n - a scroll of fear {unknown}
Potions
 f - a potion of magic {unknown}
 g - a potion of curing {unknown}
 h - 2 potions of invisibility {unknown}
 l - a potion of lignification {unknown}
Comestibles
 d - 7 rations


   Skills:
 + Level 0.2(0.0) Fighting
 * Level 2.5(1.0) Short Blades
 + Level 4.0(2.4) Dodging
 + Level 5.5(3.8) Stealth
 + Level 3.2(1.6) Spellcasting
 + Level 4.3(2.6) Hexes
 + Level 0.5(0.0) Ice Magic


You had 3 spell levels left.
You knew the following spells:

 Your Spells              Type           Power        Failure   Level  Hunger
a - Corona                Hex            #......      7%          1    ##.....
b - Ensorcelled Hibernat  Hex/Ice        #.....       19%         2    ###....
c - Confuse               Hex            #.......     22%         3    ####...

Your spell library contained the following spells:

 Spells                   Type           Power        Failure   Level  Hunger
 Tukima's Dance           Hex            #.......     22%         3    ####...
 Dazzling Spray           Conj/Hex       #.....       36%         3    ####...


Dungeon Overview and Level Annotations

Branches:
Dungeon (3/15)

Altars:
Yredelemnul

Annotations:
D:3 Crazy Yiuf


Innate Abilities, Weirdness & Mutations

You are very small and have problems with some larger weapons.
You are too small for most types of armour.
You have supernaturally acute eyesight. (SInv)
You are a herbivore.
You cover ground extremely quickly.
You need to consume almost no food.


Message History

The helpless Crazy Yiuf fails to defend himself.
You puncture Crazy Yiuf!
Crazy Yiuf is severely wounded.
Crazy Yiuf barely misses you.
You hit Crazy Yiuf but do no damage.
Crazy Yiuf is severely wounded.
Crazy Yiuf misses you.
There is an open translucent door here.
Casting: Ensorcelled Hibernation (safe; 19% risk of failure)
Confirm with . or Enter, or press ? or * to list all spells.
Aiming: Ensorcelled Hibernation (safe; 19% risk of failure)
Press: ? - help, Shift-Dir - straight line, f - you, p - Crazy Yiuf That would be overly suicidal.
Okay, then.
Crazy Yiuf misses you.
You see here a mace.
You hit Crazy Yiuf.
Crazy Yiuf is almost dead.
Crazy Yiuf hits you with a +3 quarterstaff of chaos!
You die...

...##..#.#########......##.##..##
...##..#.# #........ ##..##
...##..#.# ####....# #..##
...##..#.### #...####..##
..###......# #.........##
..###..#...# ##### #.........##
...##.....[# #)..# #...........
...#.......# #.g.# #.#.###.#...
...#.......# #.@)# # # #.#...
...'.......# ##'## #.#...
..)#.......# #)## #.#..†
...#.......# ##.# .###.#...
..######.### #.## ..)......
..........# ##)# ..........
..##.###..# ##.## ###.##.##...
......##..## ##.P.# #...........
#..........# #PP.P# ##..........


You could see Crazy Yiuf.

Vanquished Creatures
  4 adders
  2 oozes
  2 worms
  3 leopard geckos (D:3)
  4 orcs (D:3)
  17 giant cockroaches
  2 goblins (D:1)
  4 hobgoblins
  2 quokkas (D:3)
  7 bats
  A frilled lizard (D:1)
  A goblin zombie (D:3)
  5 kobolds
  2 rats
56 creatures vanquished.

Vanquished Creatures (others)
  An adder (D:3)
  A dart slug (D:3)
2 creatures vanquished.

Grand Total: 58 creatures vanquished

Notes
Turn   | Place    | Note
-------+----------+-------------------------------------------
     0 | D:1      | stealthycow the Spriggan Enchanter began the quest for the
                  | Orb.
     0 | D:1      | Reached XP level 1. HP: 9/9 MP: 5/5
   899 | D:1      | Reached XP level 2. HP: 13/13 MP: 6/6
   903 | D:1      | Learned a level 2 spell: Ensorcelled Hibernation
  1951 | D:2      | Reached skill level 5 in Stealth
  2186 | D:2      | Reached XP level 3. HP: 16/16 MP: 5/8
  2191 | D:2      | Learned a level 3 spell: Confuse
  3008 | D:2      | Reached XP level 4. HP: 20/21 MP: 9/9
  3703 | D:3      | Found a runed translucent door.
  3703 | D:3      | Noticed a human
  3706 | D:3      | Found a basalt altar of Yredelemnul.
  4863 | D:3      | Found a runed translucent door.
  4864 | D:3      | Noticed Crazy Yiuf
  4878 | D:3      | Slain by Crazy Yiuf

Levels and vault maps discovered:
D:1:      dpeg_arrival_rooms_c, layout_loops_ring, minmay_pentomino_v2
D:2:      minmay_roachtagon, layout_loops_corners
D:3:      layout_basic, dk_yredelemnul_ordeal, uniq_crazy_yiuf_cottage

Skill      XL: |  1  2  3  4 |
---------------+-------------+-----
Hexes          | 4 |  4.3
Stealth        | 5 |  5.5
Spellcasting   | 3 |  3.2
Short Blades   | 2 |  2.5
Dodging        | 4 |  4.0
Fighting       | |  0.2
Ice Magic      | |  0.5

Action                   |  1- 3 |  4- 6 || total
-------------------------+-------+-------++-------
Melee: Dagger            |   275 |   101 ||   376
 Cast: Ensorcelled Hiber |    10 |    15 ||    25
 Stab: Sleeping          |    10 |    13 ||    23
  Eat: Ration            |       |     2 ||     2
Armor: Robe              |    36 |     3 ||    39
Dodge: Dodged            |   232 |    79 ||   311
